 Dungeon Crawl Stone Soup version 0.31-a0-441-g867994ef1c (webtiles) character file.

Game seed: 5671011120113747722

50 Xavori the Insei (level 3, -1/26 HPs)
             Began as an Octopode Chaos Knight on Aug 2, 2023.
             Was a Plaything of Xom.
             Slain by a sleepcap (5 damage)
             ... on level 4 of the Dungeon.
             The game lasted 00:01:47 (9453 turns).

Xavori the Insei (Octopode Chaos Knight)            Turns: 9453, Time: 00:01:48

Health: -1/26      AC:  3    Str: 15    XL:     3   Next: 79%
Magic:  3/3        EV: 13    Int: 11    God:    Xom [..*...]
Gold:   81         SH:  0    Dex: 12    Spells: 2/2 levels left

rFire   + + .        k - +8 trident of the Hierophant {chaos, rF+ rC+ Stlth+}
rCold   + . .        (no shield)
rNeg    . . .        (helmet restricted)
rPois   .            (no amulet)
rElec   .            (no ring)
rCorr   .            (no ring)
SInv    +            (no ring)
Will    .....        (no ring)
Stlth   +++++        (no ring)
HPRegen 0.24/turn    (no ring)
MPRegen 0.08/turn    (no ring)
                     (no ring)

%: no passive effects
@: brilliant
A: almost no armour, amphibious, 8 rings, camouflage 2, gelatinous body 1,
(nimble swimmer 1), tentacles, tentacle spike 2, iridescent scales 1, see
invisible, dopey 1, fire resistance 1, strong 1, MP-powered wands
a: Renounce Religion


You were on level 4 of the Dungeon.
You worshipped Xom.
You were a toy of Xom.
You visited 1 branch of the dungeon, and saw 4 of its levels.

You collected 81 gold pieces.

Inventory:

Hand Weapons
 k - the +8 trident of the Hierophant (weapon) {chaos, rF+ rC+ Stlth+}
   (You took it off a goblin on level 2 of the Dungeon)

   rF:        It protects you from fire.
   rC:        It protects you from cold.
   Stlth:     It makes you more stealthy.
Scrolls
 a - a scroll of butterflies
 d - a scroll of amnesia {unknown}
 f - a scroll of acquirement {unknown}
 g - a scroll of poison {unknown}
 h - 2 scrolls of identify {unknown}
 i - 2 scrolls of immolation {unknown}
Potions
 b - a potion of heal wounds {unknown}
 e - a potion of resistance {unknown}


   Skills:
 + Level 3.5 Fighting
 + Level 2.7 Dodging
 + Level 1.7 Stealth
 + Level 3.6 Unarmed Combat


You had 2 spell levels left.
You didn't know any spells.
Your spell library was empty.

Dungeon Overview and Level Annotations

Branches:
Dungeon (3/15)

Altars:
Cheibriados
Xom

Annotations:
D:1 1 transporter


Innate Abilities, Weirdness & Mutations

You cannot wear most types of armour.
You are amphibious.
You can wear up to eight rings at the same time.
Your skin blends seamlessly with your surroundings (Stealth++).
Your rubbery body absorbs attacks. (AC +1, EV +1)
((You are camouflaged when in or above water. (Stealth+)))
You have tentacles for arms and can constrict up to eight enemies at once.
One of your tentacles bears a nasty spike.
You are partially covered in iridescent scales. (AC +2)
You have supernaturally acute eyesight. (SInv)
You are dopey. (Int -2)
Your flesh is heat resistant. (rF+)
Your muscles are strong. (Str +4, Int/Dex -1)
You expend magic power (3 MP) to strengthen your wands.


Message History

You fall into a shaft and drop 1 floor!
The shaft crumbles and collapses.
Xom is mildly amused.
Found a stone staircase leading up.
A hobgoblin comes into view.
A hobgoblin is nearby!
A hobgoblin is nearby!
Found 4 gold pieces.
The hobgoblin shouts!
You hear a shout!
You hear an angry hiss.
You reach to attack!
You puncture the hobgoblin! You burn the hobgoblin.
You kill the hobgoblin!
No target in view!
A sleepcap comes into view.
The sleepcap releases spores at you.
There is a stone staircase leading up, spattered with blood here.
You hit the sleepcap. You grab the sleepcap.
You pierce the sleepcap, but do no damage.
The sleepcap is lightly damaged.
You constrict the sleepcap, but do no damage.
The sleepcap releases spores at you.
You hit the sleepcap but do no damage.
The sleepcap is lightly damaged.
You constrict the sleepcap, but do no damage.
An adder comes into view.
The sleepcap releases spores at you.
You are engulfed in a cloud of soporific spores!
You fall asleep.
You lose your grip on the sleepcap.
The sleepcap releases spores at you!
You wake up.
* * * LOW HITPOINT WARNING * * *
Okay, then.
It was a potion of brilliance.
You feel clever all of a sudden.
Xom thinks this is hilarious!
The sleepcap releases spores at you.
* * * LOW HITPOINT WARNING * * *
It was a potion of magic.
Magic courses through your body. The sleepcap releases spores at you.
You die...
Xom snickers!

.# .# .##. ########.#.
##...#.$... .#
#.........## .##
...........# ..#
......fS...# ##..#####
#@...# #........
#...## #........ .
#..## #........
#...###.# ##........
#.......#####.........
########..............
#....########## #....#
######


You could see a sleepcap and an adder.

Vanquished Creatures
  An adder (D:2)
  A dart slug (D:1)
  3 endoplasms
  3 giant cockroaches
  4 goblins
  2 hobgoblins
  5 jackals (D:1)
  6 ball pythons
  5 bats
  3 kobolds (D:1)
  A rat (D:1)
34 creatures vanquished.

Notes
Turn   | Place    | Note
-------+----------+-------------------------------------------
     0 | D:1      | Xavori the Octopode Chaos Knight began the quest for the
                  | Orb.
     0 | D:1      | Reached XP level 1. HP: 16/16 MP: 1/1
   247 | D:1      | XOM: divination: detect creatures
  1661 | D:1      | XOM: 1-stop teleportation journey
  1671 | D:1      | XOM: silly message
  1684 | D:1      | Reached XP level 2. HP: 18/21 MP: 2/2
  1800 | D:1      | XOM: divination: detect items
  1904 | D:1      | Reached XP level 3. HP: 22/26 MP: 3/3
  2000 | D:1      | XOM: silly message
  2257 | D:2      | XOM: noise
  2393 | D:1      | XOM: noise
  2449 | D:1      | XOM is BORED!
  2901 | D:1      | XOM: cloud trail
  3599 | D:1      | XOM: silly message
  4390 | D:1      | XOM: give mutation
  4390 | D:1      | Gained mutation: You are vulnerable to heat. (rF-) [Xom's
                  | mischief]
  4420 | D:1      | XOM is BORED!
  4420 | D:1      | XOM: noise
  4659 | D:1      | XOM: give mutations
  4659 | D:1      | Gained mutation: You expend magic power (3 MP) to
                  | strengthen your wands. [Xom's grace]
  4659 | D:1      | Gained mutation: Your flesh is cold resistant. (rC+) [Xom's
                  | grace]
  4659 | D:1      | Gained mutation: One of your tentacles bears a spike.
                  | [Xom's grace]
  4659 | D:1      | Gained mutation: Your skin blends seamlessly with your
                  | surroundings (Stealth++). [Xom's grace]
  5095 | D:1      | XOM is BORED!
  5095 | D:1      | XOM: give mutations
  5095 | D:1      | Gained mutation: You are clumsy. (Dex -2) [Xom's mischief]
  5095 | D:1      | Gained mutation: You have supernaturally acute eyesight.
                  | (SInv) [Xom's mischief]
  5095 | D:1      | Lost mutation: Your flesh is cold resistant. (rC+) [Xom's
                  | mischief]
  5095 | D:1      | Gained mutation: You are dopey. (Int -2) [Xom's mischief]
  5500 | D:1      | XOM: scenery: summon butterflies
  6095 | D:1      | XOM: give mutation
  6095 | D:1      | Lost mutation: You are clumsy. (Dex -2) [Xom's grace]
  6378 | D:1      | XOM: cloud trail
  6548 | D:1      | XOM: 5-stop teleportation journey
  6555 | D:2      | Reached skill level 1 in Stealth
  6679 | D:1      | XOM: scenery: summon butterflies
  6848 | D:1      | XOM: god gift: scale mail {god gift}
  7368 | D:1      | XOM: god gift: runed ring mail {god gift}
  7725 | D:1      | XOM: give mutations
  7725 | D:1      | Lost mutation: You are vulnerable to heat. (rF-) [Xom's
                  | grace]
  7725 | D:1      | Gained mutation: Your flesh is heat resistant. (rF+) [Xom's
                  | grace]
  7725 | D:1      | Gained mutation: Your muscles are strong. (Str +4, Int/Dex
                  | -1) [Xom's grace]
  7725 | D:1      | Gained mutation: One of your tentacles bears a nasty spike.
                  | [Xom's grace]
  7725 | D:1      | Gained mutation: You are partially covered in iridescent
                  | scales. (AC +2) [Xom's grace]
  7779 | D:1      | XOM: scenery: create altars
  7821 | D:1      | XOM: divination: detect creatures
  7842 | D:1      | XOM: silly message
  8414 | D:1      | XOM: divination: detect items
  8461 | D:1      | XOM: silly message
  8507 | D:1      | XOM is BORED!
  8507 | D:1      | XOM: silly message
  8897 | D:1      | XOM: divination: detect creatures
  9072 | D:2      | Identified the +8 trident of the Hierophant {chaos, rF+ rC+
                  | Stlth+}
  9080 | D:2      | HP: 1/26 [poisoned by a goblin]
  9174 | D:2      | Found a snail-covered altar of Cheibriados.
  9431 | D:3      | You fall into a shaft and drop 1 floor!
  9453 | D:4      | Slain by a sleepcap

Illustrated notes

Levels and vault maps discovered:
D:1:      spicycebolla_arrival_risky_transporter, layout_basic
D:2:      layout_rooms, basic_altar
D:3:      layout_basic
D:4:      layout_rooms, mainiacjoe_overflow_alcove_1, serial_shops,
          nicolae_shop_advertising_works [nicolae_subvault_shop_adworks],
          minmay_shop_enchanted_jewellery, minivault_4

Skill      XL: |  1  2  3 |
---------------+----------+-----
Stealth        | 1 |  1.7
Fighting       | |  3.5
Dodging        | |  2.7
Unarmed Combat | |  3.6

Action                     || total
---------------------------++-------
  Melee: Unarmed           ||    57
         Constrict         ||    19
         Tentacles         ||    10
         Punch             ||     2
         Kick              ||     6
         Trident           ||     4
    Use: Potion            ||     3
   Stab: Sleeping          ||     4
         Distracted        ||     3
 Armour: Skin              ||     6
  Dodge: Dodged            ||    43

Table legend: (Time is in decaauts)
 A = Elapsed time spent in this place.
 B = Non-inter-level travel time spent in this place.
 C = Inter-level travel time spent in this place.
 D = Time resting spent in this place.
 E = Time spent auto-exploring this place.
 F = Levels seen in this place.
 G = Mean time per level.
                   A        B        C        D        E       F      G
               +--------+--------+--------+--------+--------+-----+--------+
         Total |   9451 |   9409 |     42 |   8444 |    737 |   4 | 2362.8 |
       Dungeon |   9451 |   9409 |     42 |   8444 |    737 |   4 | 2362.8 |
               +--------+--------+--------+--------+--------+-----+--------+

Top non-repeatable levels by time:
     D:1: 8986 daAuts
     D:2: 432 daAuts
     D:4: 22 daAuts
     D:3: 9 daAuts
